 Dungeon Crawl Stone Soup version 0.30.1 (webtiles) character file.

Game seed: 573607525160947854

83246 LustLizard the Grappler (level 14, -22/141 HPs)
             Began as a Demigod Transmuter on July 4, 2023.
             Annihilated by an orc warlord
             ... wielding a +0 bardiche
              (26 damage)
             ... on level 1 of the Orcish Mines.
             The game lasted 00:45:59 (27736 turns).

LustLizard the Grappler (Demigod Transmuter)       Turns: 27736, Time: 00:45:59

Health: -22/141    AC: 13    Str: 23    XL:     14   Next: 92%
Magic:  26/31      EV: 12    Int: 19    God:
Gold:   2071       SH:  0    Dex: 16    Spells: 20/29 levels left

rFire   . .          .
                       - Unarmed
rCold   + + +        (shield currently unavailable)
rNeg    . . .        U - melded +0 acid dragon scales
rPois   +            (helmet currently unavailable)
rElec   .            u - melded +1 cloak {rC+}
rCorr   .            M - melded +0 pair of gloves
SInv    .            (boots currently unavailable)
Will    +....        p - amulet "Geahanokyi" {Acrobat rPois Dex+2}
Stlth   +            A - +4 ring of protection
HPRegen 0.43/turn    k - ring of protection from fire
MPRegen 0.22/turn

%: acrobat
@: about to teleport, ice-form, wereblooded
A: freezing attack, amphibious, boosted hp, large, high MP 1, forlorn, divine
attributes
a: End Transformation


You were on level 1 of the Orcish Mines.
You were a creature of crystalline ice.
You visited 3 branches of the dungeon, and saw 19 of its levels.
You also visited: Bailey, Ice Cave and Volcano.

You collected 2071 gold pieces.

Inventory:

Missiles
 a - 39 boomerangs
 m - 53 poisoned darts
 n - 165 stones
 P - 8 curare-tipped darts
 Q - 8 javelins
 S - 5 throwing nets
Armour
 s - a +2 robe of positive energy
 u - a +1 cloak of cold resistance (melded)
 M - a +0 pair of gloves (melded)
 U - +0 acid dragon scales (melded)
Jewellery
 k - a ring of protection from fire (right front paw)
 l - a ring of protection from cold
 p - the amulet "Geahanokyi" (around neck) {Acrobat rPois Dex+2}
   (You acquired it in a bailey)

   [amulet of the acrobat]

   It increases your evasion while moving and waiting.
   Dex:       It affects your dexterity (+2).
   rPois:     It protects you from poison.
 q - an amulet of reflection
 z - a ring of resist corrosion
 A - a +4 ring of protection (left front paw)
 B - a ring of positive energy
 F - a ring of wizardry
 K - a ring of poison resistance
 R - a ring of flight
 T - an amulet of magic regeneration
Wands
 C - a wand of acid (6)
 E - a wand of iceblast (14)
 N - a wand of charming (25)
 O - a wand of flame (30)
 V - a wand of mindburst (8)
Scrolls
 d - 16 scrolls of teleportation
 e - 2 scrolls of immolation {unknown}
 f - 7 scrolls of enchant weapon {unknown}
 g - 3 scrolls of blinking {unknown}
 i - 5 scrolls of fear
 j - 2 scrolls of butterflies {unknown}
 t - 3 scrolls of torment {unknown}
 w - a scroll of silence {unknown}
 y - 2 scrolls of fog {unknown}
 H - 3 scrolls of magic mapping
 I - a scroll of brand weapon
 J - 3 scrolls of enchant armour
 W - 5 scrolls of amnesia {unknown}
 X - a scroll of poison
Potions
 b - 5 potions of lignification
 c - 5 potions of mutation
 h - 5 potions of haste
 o - 5 potions of flight
 r - a potion of resistance
 v - 6 potions of might
 x - 3 potions of invisibility
 D - 4 potions of brilliance
 G - 3 potions of berserk rage
 L - 2 potions of ambrosia {unknown}
 Y - a potion of magic


   Skills:
 + Level 9.1 Fighting
 - Level 3.9 Throwing
 + Level 4.8 Armour
 + Level 5.1 Dodging
 * Level 14.8 Unarmed Combat
 + Level 8.3 Spellcasting
 - Level 4.0 Translocations
 + Level 10.3 Transmutations
 - Level 6.3 Ice Magic
 + Level 7.3 Evocations


You had 20 spell levels left.
You knew the following spells:

 Your Spells              Type           Power      Damage    Failure   Level
a - Beastly Appendage     Tmut           94%        N/A       1%          1
b - Wereblood             Tmut           47%        N/A       1%          2
c - Ice Form              Ice/Tmut       39%        N/A       2%          4
d - Blink                 Tloc           46%        N/A       2%          2

Your spell library contained the following spells:

 Spells                   Type           Power      Damage    Failure   Level
 Passwall                 Tmut/Erth      22%        N/A       1%          2
 Frozen Ramparts          Ice            64%        1d10      1%          3
 Lesser Beckoning         Tloc           46%        N/A       2%          2
 Ensorcelled Hibernation  Hex/Ice        40%        N/A       3%          2
 Spider Form              Tmut/Pois      27%        N/A       3%          3
 Momentum Strike          Conj/Tloc      30%        3d8       6%          2
 Foxfire                  Conj/Fire      28%        2x1d5     9%          1
 Necrotise                Necr           28%        1d5       9%          1
 Portal Projectile        Hex/Tloc       30%        N/A       12%         3
 Volatile Blastmotes      Fire/Tloc      30%        2d12      12%         3
 Scorch                   Fire           14%        2d6       13%         2
 Sublimation of Blood     Necr           7%         N/A       13%         2
 Summon Ice Beast         Ice/Summ       20%        N/A       24%         4
 Call Canine Familiar     Summ           7%         N/A       26%         3
 Dazzling Flash           Conj/Hex       14%        N/A       26%         3
 Stone Arrow              Conj/Erth      14%        3d7       26%         3
 Swiftness                Air            7%         N/A       26%         3
 Vampiric Draining        Necr           7%         2d6       26%         3
 Iskenderun's Mystic Bla  Conj/Tloc      15%        2d5       36%         4
 Animate Armour           Summ/Erth      14%        N/A       65%         4
 Flame Wave               Conj/Fire      7%         2d5       65%         4
 Leda's Liquefaction      Hex/Erth       3%         N/A       65%         4
 Agony                    Necr           7%         N/A       94%         5
 Fireball                 Conj/Fire      3%         3d4       94%         5
 Plasma Beam              Fire/Air       3%         2x1d15    100%        6
 Starburst                Conj/Fire      3%         6d3       100%        6
 Summon Cactus Giant      Summ           3%         N/A       100%        6
 Summon Hydra             Summ           3%         N/A       100%        7
 Lehudib's Crystal Spear  Conj/Erth      3%         10d3      100%        8
 Chain Lightning          Conj/Air       3%         3d4       100%        9
 Fire Storm               Conj/Fire      3%         8d1       100%        9
 Shatter                  Erth           3%         3d7*      100%        9


Dungeon Overview and Level Annotations

Branches:
Dungeon (13/15)            Temple (0/1) D:7            Lair (5/5) D:8
  Swamp (0/4) Lair:2       Spider (0/4) Lair:2        Slime (0/5) Lair:4
    Orc (1/2) D:11         Vaults (0/5) D:13         Bailey (visited)
  IceCv (visited)         Volcano (visited)

Shops:
D:5 (   Orc:1 *

Annotations:
D:5 2 transporters, Gadrel's ghost, amateur DgDe
D:11 3 runed translucent doors, exclusions: ice statue and obsidian statue, salammoniac's ghost, journeyman DsFE


Innate Abilities, Weirdness & Mutations

You are a creature of crystalline ice.
You have a powerful freezing melee attack.
You are amphibious.
Your maximum health is increased.
Your armour is entirely melded.
You are incapable of wielding weapons or throwing items.
You have an increased reservoir of magic. (+10% MP)
You shall have no god before yourself.
Your divine heritage dramatically boosts your attributes as you level up.


Message History

Beogh smites you! The warg bites you. The warg attacks as you move away!
The warg bites you but does no damage. The troll attacks as you move away!
The troll barely misses you. The troll claws you!
The troll claws you but does no damage.
You howl as the wereblood boils in your veins!
You squash the warg like an ant!!!
You freeze the warg!
You feel a bit better.
You kill the warg!
You punch the orc warlord! You freeze the orc warlord.
The orc warlord is lightly wounded.
The orc warlord hits you with a +0 bardiche!!
* * * LOW HITPOINT WARNING * * *
You hit the orc warlord.
The orc warlord is lightly wounded.
The orc warlord hits you with a +0 bardiche!!
* * * LOW HITPOINT WARNING * * *
You feel much better.
The orc warlord hits you with a +0 bardiche!
* * * LOW HITPOINT WARNING * * *
You hit the orc warlord but do no damage.
The orc warlord is lightly wounded.
The orc warlord roars a battlecry!
The orc warrior goes into a battle-frenzy!
You hit the orc warlord. You freeze the orc warlord.
The orc warlord is lightly wounded.
As you read the scroll of teleportation, it crumbles to dust.
You feel strangely unstable.
The orc warlord hits you with a +0 bardiche!!
* * * LOW HITPOINT WARNING * * *
You feel much better.
The orc warlord hits you with a +0 bardiche!!
* * * LOW HITPOINT WARNING * * *
Okay, then.
You punch the orc warlord!
The orc warlord is moderately wounded.
The orc warlord hits you but does no damage.
You pummel the orc warlord!! You freeze the orc warlord!
The orc warlord is heavily wounded.
The orc no longer looks unusually strong.
The orc warlord hits you with a +0 bardiche!!
You die...

......###.....## ..#.#
#.....##.......# ....#
#.....###...#### oo..#
#......##....#####hoo.#
.......#........#ooo.#
...............o.o#
.###.......#.#ho..# .#
##.#...####oo### ##
####### #T#Y# ##### #


You could see an orc warlord, a warg, an orc warrior (strong) and 2 orcs.

Vanquished Creatures
  A frost giant (IceCv)
  An orc warlord (Bailey)
  The ghost of oldmanjim the Grappler, a journeyman TrWr of the Shining One (Lair:4)
  Erolcha (D:9)
  Harold (D:10)
  2 catoblepae (Lair:3)
  2 centaur warriors (D:13)
  3 boulder beetles
  The ghost of javelincjr the Covert, a journeyman DsDe of Hepliaklqana (Lair:1)
  3 hydras
  An ogre mage (Volcano)
  9 two-headed ogres
  12 death yaks
  A hell knight (Volcano)
  Urug (Lair:3)
  2 skysharks
  A bog body (Lair:2)
  A lindwurm (Lair:3)
  An orc knight (Orc:1)
  An orc sorcerer (Orc:1)
  2 oklob plants
  A cyclops (D:13)
  3 manticores
  2 ugly things
  A salamander (Lair:2)
  2 black mambas (Lair:3)
  An ice statue (IceCv)
  11 cane toads
  Maggie (Lair:1)
  A torpor snail (Lair:3)
  An unseen horror (D:11)
  A kobold demonologist (D:11)
  12 komodo dragons
  11 rime drakes
  2 trolls
  10 polar bears
  8 hornets
  14 blink frogs
  5 dream sheep (Lair:5)
  12 spriggans (Lair:5)
  2 jumping spiders (Lair:2)
  2 shadows
  A wyvern (Lair:4)
  2 wraiths
  2 vampires
  41 yaks
  3 basilisks
  6 fire bats
  3 steam dragons
  Eustachio (D:5)
  2 death yak simulacra (Lair:4)
  6 redbacks (Lair:2)
  2 wargs (Orc:1)
  Menkaure (D:4)
  13 water moccasins
  2 acid dragons
  9 black bears
  3 ice beasts
  15 orc warriors
  2 ogres
  30 wolves
  4 boggarts (Lair:5)
  A black mamba simulacrum (Lair:4)
  3 centaurs
  5 kobold brigands
  14 bullfrogs
  3 gnoll sergeants
  4 scorpions
  8 wights
  A dream sheep simulacrum (Lair:4)
  12 killer bees
  3 howler monkeys
  A torpor snail simulacrum (Lair:4)
  3 electric eels
  5 lava snakes (Volcano)
  2 gnoll boudas
  A komodo dragon simulacrum (Lair:4)
  4 hounds (D:5)
  11 orc priests
  A jelly (D:7)
  A sleepcap (D:8)
  4 iguanas
  Jessica (D:3)
  16 orc wizards
  25 gnolls
  6 adders
  A worm (D:2)
  A dart slug (D:1)
  80 orcs
  5 bats
  8 endoplasms
  5 giant cockroaches
  15 goblins
  8 hobgoblins
  8 jackals
  35 kobolds
  3 quokkas
  5 ball pythons
  6 frilled lizards
  7 rats
621 creatures vanquished.

Vanquished Creatures (others)
  2 orcs (D:10)
2 creatures vanquished.

Grand Total: 623 creatures vanquished

Notes
Turn   | Place    | Note
-------+----------+-------------------------------------------
     0 | D:1      | LustLizard the Demigod Transmuter began the quest for the
                  | Orb.
     0 | D:1      | Reached XP level 1. HP: 15/15 MP: 5/5
   118 | D:1      | Reached skill level 1 in Fighting
   262 | D:1      | Reached XP level 2. HP: 19/23 MP: 5/7
   285 | D:1      | Learned a level 2 spell: Wereblood
   358 | D:1      | Reached skill level 3 in Unarmed Combat
   941 | D:2      | Reached XP level 3. HP: 13/28 MP: 5/8
  1214 | D:2      | HP: 1/28 [poisoned by an adder]
  2318 | D:3      | Noticed Jessica
  2327 | D:3      | Killed Jessica
  2328 | D:3      | Reached XP level 4. HP: 33/35 MP: 7/10
  3062 | D:4      | Noticed a black bear
  3476 | D:4      | Noticed Menkaure
  3662 | D:4      | Reached skill level 1 in Throwing
  3719 | D:4      | Reached XP level 5. HP: 35/41 MP: 9/11
  3823 | D:4      | Learned a level 4 spell: Ice Form
  4229 | D:4      | Killed a black bear
  4230 | D:4      | Reached skill level 4 in Unarmed Combat
  4247 | D:5      | Entered Level 5 of the Dungeon
  4297 | D:5      | Reached skill level 1 in Ice Magic
  4297 | D:5      | Reached XP level 6. HP: 15/48 MP: 12/12
  4466 | D:5      | Noticed Eustachio
  4993 | D:5      | Reached XP level 7. HP: 41/56 MP: 12/14
  5149 | D:5      | Found Pumox's Firing Range.
  5226 | D:5      | Found a transporter.
  5245 | D:5      | Noticed Gadrel's ghost (amateur DgDe)
  5376 | D:4      | Killed Menkaure
  5679 | D:5      | Found a transporter.
  5946 | D:5      | Killed Eustachio
  5947 | D:5      | Reached skill level 5 in Unarmed Combat
  6204 | D:5      | Reached XP level 8. HP: 37/63 MP: 14/16
  6441 | D:5      | Reached skill level 5 in Transmutations
  7174 | D:7      | Found a staircase to the Ecumenical Temple.
  7303 | D:7      | Reached skill level 6 in Unarmed Combat
  7589 | D:7      | Reached XP level 9. HP: 70/71 MP: 18/18
  7971 | D:7      | Identified the +5 sling "Rogyxuips" {speed, Str+2}
  8213 | D:8      | Reached skill level 5 in Ice Magic
  8261 | D:8      | Found a flagged portal.
  8462 | Bailey   | Entered a bailey
  8490 | Bailey   | Noticed an orc warlord
  8583 | Bailey   | Found a runed translucent gate.
  8586 | Bailey   | Found a runed translucent gate.
  8588 | Bailey   | Found a runed translucent gate.
 10063 | Bailey   | Killed an orc warlord
 10064 | Bailey   | Reached skill level 7 in Unarmed Combat
 10180 | Bailey   | Acquired the amulet "Geahanokyi" {Acrobat rPois Dex+2}
 10235 | D:8      | You fall into a shaft and drop 2 floors!
 10235 | D:10     | Entered Level 10 of the Dungeon
 10619 | D:7      | Reached XP level 10. HP: 37/80 MP: 20/20
 11027 | D:8      | Found a staircase to the Lair.
 11269 | D:8      | Reached skill level 5 in Fighting
 11717 | D:9      | Noticed Erolcha
 11728 | D:9      | Killed Erolcha
 11729 | D:9      | Reached skill level 5 in Spellcasting
 11729 | D:9      | Reached skill level 1 in Evocations
 11934 | D:9      | Reached skill level 8 in Unarmed Combat
 12866 | D:10     | Noticed Harold
 12877 | D:10     | Killed Harold
 13052 | D:10     | Noticed a two-headed ogre
 13063 | D:10     | Killed a two-headed ogre
 13064 | D:10     | Reached XP level 11. HP: 14/89 MP: 17/23
 14041 | D:11     | Reached skill level 9 in Unarmed Combat
 14125 | D:10     | Learned a level 2 spell: Blink
 14280 | D:12     | Noticed a two-headed ogre
 14285 | D:12     | HP: 2/106 [vampire (4)]
 14350 | D:13     | Noticed a centaur warrior
 14354 | D:13     | Killed a centaur warrior
 14574 | D:13     | Reached skill level 11 in Unarmed Combat
 14574 | D:13     | Reached XP level 12. HP: 94/96 MP: 24/24
 14644 | D:13     | Found a frozen archway.
 14652 | IceCv    | Entered an ice cave
 14657 | IceCv    | Reached skill level 1 in Translocations
 14726 | IceCv    | Reached skill level 12 in Unarmed Combat
 15638 | IceCv    | Noticed a frost giant
 15664 | IceCv    | Killed a frost giant
 16141 | D:13     | Noticed a boulder beetle
 16155 | D:13     | Killed a boulder beetle
 16156 | D:13     | Reached XP level 13. HP: 94/105 MP: 24/27
 16853 | D:13     | Found a gate to the Vaults.
 16921 | D:12     | Reached skill level 5 in Evocations
 17254 | D:12     | Reached skill level 13 in Unarmed Combat
 18024 | D:11     | Found a staircase to the Orcish Mines.
 18340 | D:11     | Found the +7 great mace "Firestarter" {flame, immolate,
                  | rFlCloud rF++}
 18444 | D:11     | Found a runed translucent gate.
 18444 | D:11     | Found a runed translucent gate.
 18444 | D:11     | Found a runed translucent gate.
 18445 | D:11     | Noticed salammoniac's ghost (journeyman DsFE)
 18781 | Lair:1   | Entered Level 1 of the Lair of Beasts
 18864 | Lair:1   | Found a runed translucent door.
 18864 | Lair:1   | Noticed Maggie
 18869 | Lair:1   | Noticed javelincjr's ghost (journeyman DsDe)
 18874 | Lair:1   | Killed Maggie
 19193 | Lair:1   | Reached skill level 1 in Armour
 19211 | Lair:1   | Identified the +4 ring mail of New Discoveries {rF+ Regen+}
 19913 | Lair:1   | Killed javelincjr's ghost
 20002 | Lair:2   | Found a staircase to the Swamp.
 20066 | Lair:2   | Found a dark tunnel.
 20092 | Volcano  | Entered a volcano
 21125 | Lair:2   | Found a hole to the Spider Nest.
 21376 | Lair:2   | Reached XP level 14. HP: 112/115 MP: 24/29
 21975 | Lair:3   | Noticed Urug
 21980 | Lair:3   | Killed Urug
 22303 | Lair:3   | Reached skill level 14 in Unarmed Combat
 22393 | Lair:3   | You fall into a shaft and drop 1 floor!
 22398 | Lair:4   | Found a runed translucent gate.
 22398 | Lair:4   | Found a runed translucent gate.
 22398 | Lair:4   | Found a runed translucent gate.
 23477 | Lair:3   | Reached skill level 10 in Transmutations
 24356 | Lair:4   | Found a staircase to the Slime Pits.
 24481 | Lair:4   | Noticed oldmanjim's ghost (journeyman TrWr)
 24548 | Lair:4   | Killed oldmanjim's ghost
 24741 | Lair:5   | Entered Level 5 of the Lair of Beasts
 25753 | Lair:5   | Reached skill level 5 in Dodging
 27242 | Orc:1    | Entered Level 1 of the Orcish Mines
 27490 | Orc:1    | Found Tixieph's Mass Market.
 27707 | Orc:1    | Noticed an orc warlord
 27733 | Orc:1    | HP: 7/141 [orc warlord/+0 bardiche (23)]
 27734 | Orc:1    | HP: 3/141 [orc warlord/+0 bardiche (21)]
 27736 | Orc:1    | Annihilated by an orc warlord

Illustrated notes

Levels and vault maps discovered:
D:1:      dpeg_arrival_rooms_b, layout_loops_ring, kennysheep_doodads,
          minmay_pentomino_x2
D:2:      layout_basic, minmay_tree_intersection, minmay_crystal_room
D:3:      kennysheep_six_static_rooms, layout_basic, minmay_bisected,
          uniq_jessica
D:4:      layout_basic, uniq_menkaure
D:5:      layout_basic, gammafunk_ghost_stat_death, nicolae_shop_firing_range,
          uniq_eustachio
D:6:      layout_rooms
D:7:      layout_rooms, minmay_temple_entry_drinking_statues,
          chequers_serial_rivers_marsh, hellmonk_bongcloud_opening,
          corner_web_ring
D:8:      layout_rooms, grunt_temple_overflow_open, lair_entry_dummy,
          enter_bailey_4, special_room [special_room_orc]
D:9:      layout_cave_pods, uniq_erolcha
D:10:     layout_long_grid, uniq_harold
D:11:     layout_cross, hiddenorc2_lemuel, gammafunk_ghost_hydra_chop,
          serial_park_tiny_pond, st_stairs_5, david_greed
D:12:     evilmike_iron_armoury, layout_small_grid, gammafunk_ghost_split,
          uniq_snorg, uniq_nessos
D:13:     layout_basic, lightli_vaults_fourway_checkpoint,
          portal_ice_cave_entry_pillars_2, tgw_fedhas
Lair:1:   layout_misc_corridors, gammafunk_ghost_grave, grunt_megastairs_2,
          serial_bayou_shore_a, uniq_maggie
Lair:2:   layout_gridlike, skrybe_swamp_entry_bodies,
          nicolae_spider_entry_tight_spaces, lightli_volcano_entry_magma_tube
Lair:3:   nzn_winding_woodlands_large [nzn_winding_woodlands_5x5_closed_star,
          nzn_winding_woodlands_5x15_longhouse, nzn_winding_woodlands_5x5_cross,
          nzn_winding_woodlands_center_lodge,
          nzn_winding_woodlands_15x15_eel_pit,
          nzn_winding_woodlands_center_garden,
          nzn_winding_woodlands_5x5_checkerboard,
          nzn_winding_woodlands_5x15_cabin,
          nzn_winding_woodlands_5x5_open_star], layout_cave_shapes, basic_altar,
          uniq_urug
Lair:4:   layout_cave_shapes, slime_entry_1, gammafunk_ghost_icy
Lair:5:   minmay_lair_end_enchanted_forest, layout_regular_city,
          fungi_pond_lemuel
Orc:1:    layout_diamond_mine, minmay_shop_mass

Skill      XL: |  1  2  3  4  5  6  7  8  9 10 11 12 13 14 |
---------------+-------------------------------------------+-----
Fighting       | 1 2 3 4 5 6 7 8 9 |  9.1
Transmutations | 2 3 4 5 6 7 8 9 10 | 10.3
Unarmed Combat | 3 4 5 6 7 8 11 12 13 14 | 14.8
Spellcasting   | 2 3 4 5 6 7 8 |  8.3
Throwing       | 1 2 3 |  3.9
Ice Magic      | 1 2 3 4 5 6 |  6.3
Evocations     | 2 3 4 6 7 |  7.3
Translocations | 3 4 |  4.0
Dodging        | 3 5 |  5.1
Armour         | 2 4 |  4.8

Action                     |  1- 3 |  4- 6 |  7- 9 | 10-12 | 13-15 || total
---------------------------+-------+-------+-------+-------+-------++-------
  Melee: Unarmed           |   139 |   146 |   425 |   396 |   802 ||  1908
         Kick              |    30 |    29 |   150 |     8 |     6 ||   223
         Headbutt          |    18 |    20 |    84 |    12 |     8 ||   142
         Punch             |     1 |     6 |    12 |     5 |     6 ||    30
  Throw: Dart              |       |     7 |     5 |       |       ||    12
         Boomerang         |       |       |     5 |       |       ||     5
         Throwing net      |       |       |     1 |       |       ||     1
   Cast: Beastly Appendage |    39 |    31 |    52 |     5 |    10 ||   137
         Wereblood         |     2 |     5 |    21 |    20 |    35 ||    83
         Ice Form          |       |       |       |    28 |    77 ||   105
  Evoke: Wand              |       |       |    11 |       |       ||    11
    Use: Scroll            |       |     3 |     9 |     8 |     7 ||    27
         Potion            |       |     2 |     3 |     3 |     2 ||    10
   Stab: Sleeping          |     1 |       |       |       |     2 ||     3
         Invisible         |       |       |     1 |       |       ||     1
         Distracted        |       |       |       |       |     1 ||     1
 Armour: Robe              |    24 |    27 |    55 |       |       ||   106
         Steam dragon scal |       |       |    78 |    22 |       ||   100
         Skin              |       |       |       |   183 |   271 ||   454
         Acid dragon scale |       |       |       |    10 |    36 ||    46
  Dodge: Dodged            |    72 |    85 |   248 |   275 |   440 ||  1120
  Block: Other             |       |     3 |    81 |       |       ||    84
         Reflection        |       |       |     2 |       |       ||     2
